AoeStats
← luisvideorock

Migration

508560633Analyzed
1v1 RM · 7d ago on Sep 23, 2026· 49m 24s· 2 players
Game mode
Random Map
Map size
132×132
Population
200
Speed
Normal
Resources
Standard
Victory
Conquest
Starting age
Dark Age
Ending age
Imperial Age
RankedLock teamsTeams togetherTeam positionsShared explorationLock speedFull tech treeHidden civsTurbo modeCheats
Victory
Defeat
🇲🇽 Vikings · Mexico
694
+14
🇦🇷 Spanish · Argentina
655
-14
ParK
3:04 Loom
10:16 Feudal Age
12:18 Wheelbarrow
13:36 Town Watch
13:57 Double-Bit Axe
18:18 Fletching
20:10 Bloodlines
26:42 Forging
29:01 Castle Age
28:43 Padded Archer Armor
28:52 Scale Barding Armor
31:27 Hand Cart
32:04 Thumb Ring
33:29 Bow Saw
36:03 Chain Barding Armor
37:18 Sanctity
39:48 Ballistics
39:47 Horse Collar
41:17 Bodkin Arrow
41:33 Forging
42:52 Leather Archer Armor
42:56 Scale Mail Armor
45:35 Heavy Plow
46:14 Iron Casting
46:32 Inquisition
49:16 Imperial Age
47:55 Town Patrol
49:27 Masonry
49:30 Fortified Wall
luisvideorock
12:38 Feudal Age
16:51 Castle Age
14:38 Loom
15:02 Man-at-Arms
20:34 Fishing Lines
21:05 Medium Warships
22:01 Double-Bit Axe
22:11 Gold Mining
32:23 Horse Collar
35:15 Imperial Age
34:18 Heavy Plow
35:04 Forging
34:54 Scale Mail Armor
37:13 Chemistry
36:11 Murder Holes
37:55 Conscription
38:29 Elite Longship
40:37 Elite Skirmisher
41:16 Fletching
41:27 Padded Archer Armor
42:02 Iron Casting
41:42 Chain Mail Armor
42:34 Ballistics
43:16 Bodkin Arrow
43:36 Leather Archer Armor
48:50 Bracer
49:21 Ring Archer Armor
49:51 Blast Furnace
49:21 Plate Mail Armor
49:30 Gold Shaft Mining
48:46 Stone Mining
Connection lost

Rejoining the realm…

Still unreachable

The connection could not be restored.

Session expired

The server has moved on; the page needs a fresh start.